 Dungeon Crawl Stone Soup version 0.30-a0-364-gf6b3ef1049 (webtiles) character file.

Game seed: 14919743391202078153

79462 enile the Thaumaturge (level 16, -6/181 HPs)
             Began as a Djinni Fire Elementalist on Nov 16, 2022.
             Was the Champion of Makhleb.
             Mangled by a minotaur
             ... wielding a +2 vorpal mace
              (14 damage)
             ... in a Gauntlet.
             The game lasted 00:48:45 (22292 turns).

enile the Thaumaturge (Djinni Fire Elementalist)   Turns: 22292, Time: 00:48:45

Health: -6/181     AC:  6    Str: 11    XL:     16   Next: 11%
Gold:   850        EV: 16    Int: 32    God:    Makhleb [******] SH:  5 Dex: 16

rFire   + + +      SeeInvis +    k - +4 double sword (venom)
rCold   . . .      Faith    .    t - +0 buckler
rNeg    . . .      Spirit   .    u - +1 leather armour {rC+}
rPois   ∞          Reflect  .    R - +0 hat {Int+3}
rElec   +          Harm     .    m - scarf {shadows}
rCorr   +          Rampage  .    L - +1 pair of gloves
Will    ++...      NoTele   +    (boots unavailable)
Stlth   ..........               U - amulet of regeneration
HPRegen 1.30/turn                f - ring "Asoocloj" {rCorr Str+4 Int+6 Slay+2}
MPRegen 0.00/turn                a - ring of Xerefamevy {Contam rElec rF+ Will+ SInv}

@: berserking (expiring), flying, studying Invocations, very quick
A: sickness immunity, fire resistance 2, cold vulnerability 1, float, innate
caster, HP casting, extra vitality 1
a: Renounce Religion, Minor Destruction, Lesser Servant of Makhleb, Major
Destruction, Greater Servant of Makhleb


You were in a Gauntlet.
You worshipped Makhleb.
Makhleb was exalted by your worship.
You visited 3 branches of the dungeon, and saw 19 of its levels.
You also visited: Sewer, Gauntlet and Volcano.

You collected 2138 gold pieces.
You spent 1288 gold pieces at shops.

Inventory:

Hand Weapons
 b - a +4 trident of venom
 k - a +4 double sword of venom (weapon)
Missiles
 M - 9 curare-tipped darts (quivered)
Armour
 l - a +1 cloak of stealth
 m - a scarf of shadows (worn)
 t - a +0 buckler (worn)
 u - a +1 leather armour of cold resistance (worn)
 J - a +2 cloak of preservation
 L - a +1 pair of gloves (worn)
 R - a +0 hat of intelligence (worn)
Jewellery
 a - the ring of Xerefamevy (right hand) {Contam rElec rF+ Will+ SInv}
   (You acquired it on level 7 of the Dungeon)

   [ring of protection from fire]

   rF:        It protects you from fire.
   rElec:     It insulates you from electricity.
   SInv:      It lets you see invisible.
   Contam:    It causes magical contamination when unequipped.
   Will:      It increases your willpower.
 e - an amulet of reflection
 f - the ring "Asoocloj" (left hand) {rCorr Str+4 Int+6 Slay+2}
   (You bought it in a shop on level 2 of the Orcish Mines)

   [ring of intelligence]

   Str:       It affects your strength (+4).
   Int:       It affects your intelligence (+6).
   Slay:      It affects your accuracy & damage with ranged weapons and melee
   (+2).
   rCorr:     It protects you from acid and corrosion.
 y - a +6 ring of intelligence
 U - an amulet of regeneration (around neck)
Wands
 i - a wand of quicksilver (11)
 q - a wand of polymorph (9)
 D - a wand of mindburst (33)
 F - a wand of flame (58)
 H - a wand of iceblast (22)
 V - a wand of paralysis (8)
Scrolls
 d - 3 scrolls of enchant weapon
 j - 9 scrolls of vulnerability
 n - 8 scrolls of teleportation
 r - a scroll of butterflies
 w - 3 scrolls of identify
 E - 11 scrolls of immolation
 N - 2 scrolls of torment
 O - 2 scrolls of brand weapon
 P - a scroll of silence
 Q - a scroll of acquirement
 W - a scroll of blinking
 Y - a scroll of enchant armour
 Z - a scroll of poison
Potions
 c - 5 potions of invisibility
 g - 6 potions of heal wounds
 h - 2 potions of berserk rage
 p - 5 potions of lignification
 s - 6 potions of ambrosia
 z - 6 potions of curing
 A - 4 potions of might
 B - 3 potions of attraction
 C - 5 potions of haste
 G - 2 potions of resistance
 K - 2 potions of mutation
 S - 2 potions of brilliance
Miscellaneous
 v - a condenser vane (inert)
 X - a lightning rod (4/4)


   Skills:
 - Level 13.0 Fighting
 - Level 3.0 Throwing
 - Level 3.0 Armour
 - Level 10.0 Dodging
 - Level 1.6 Stealth
 - Level 4.0 Shields
 - Level 14.0 Spellcasting
 - Level 12.0 Invocations
 + Level 9.4 Evocations


You had 7 spell levels left.
You knew the following spells:

 Your Spells              Type           Power      Damage    Failure   Level
a - Summon Lightning Spi  Summ/Air       84%        N/A       1%          4
b - Starburst             Conj/Fire      42%        6d12      1%          6
c - Inner Flame           Hex/Fire       84%        N/A       1%          3
d - Kindle Blastsparks    Fire/Tloc/Air  100%       2d18      1%          3
e - Flame Wave            Conj/Fire      84%        2d18      1%          4
f - Shock                 Conj/Air       100%       1d9       0%          1
g - Searing Ray           Conj           100%       2d8       0%          2
h - Passwall              Tmut/Erth      70%        N/A       0%          2
i - Lesser Beckoning      Tloc           100%       N/A       1%          3
j - Foxfire               Conj/Fire      100%       2x1d9     0%          1
k - Blade Hands           Tmut           42%        N/A       1%          5
l - Scorch                Fire           100%       2d10      0%          2
Your spell library was empty.

Dungeon Overview and Level Annotations

Branches:
Dungeon (12/15)            Temple (0/1) D:4            Lair (5/5) D:8
 Shoals (0/4) Lair:2        Snake (0/4) Lair:3        Slime (0/5) Lair:4
    Orc (2/2) D:9             Elf (0/3) Orc:2         Sewer (visited)
Volcano (visited)         Gauntlet (1/1)

Altars:
Fedhas
Makhleb
Nemelex Xobeh
Qazlal
Trog
Uskayaw
Wu Jian
Xom
The Shining One
Lugonu

Shops:
D:4 ?(!   D:5 [   D:7 *   D:10 *   Orc:2 [*(=

Portals:
Abyss: Lair:5
Trove: D:11 (give 6 scrolls of blinking)

Annotations:
D:11 3 runed translucent doors, Gymn's ghost, journeyman DsMo
Lair:2 3 runed translucent doors, olddryhag's ghost, journeyman DsGl
Lair:4 3 runed translucent doors, 2 transporters, Irousen's ghost, journeyman MiFi Gauntlet 12 transporters


Innate Abilities, Weirdness & Mutations

You are immune to sickness and miasma.
You are immune to poison.
Your flesh is very heat resistant. (rF++)
You are vulnerable to cold. (rC-)
You float through the air rather than walking.
You learn spells naturally, not from books.
Your magical power is your life essence.
You have superior vitality. (+4 MHP)


Message History

A red film seems to cover your vision as you go berserk!
You feel yourself moving faster!
You feel mighty! The minotaur barely misses you. The minotaur gores you.
Your neqoxec hits the minotaur! You hit the minotaur but do no damage.
The minotaur looks as sick as possible!
The minotaur is heavily wounded.
The minotaur hits you with a +2 vorpal mace!!
The minotaur misses you.
Your neqoxec hits the minotaur.
The minotaur hits your neqoxec with a +2 vorpal mace.
The minotaur gores your neqoxec.
You hit the minotaur but do no damage.
The minotaur is heavily wounded.
Your neqoxec closely misses the minotaur.
The minotaur hits you with a +2 vorpal mace.
The minotaur barely misses you.
You barely miss the minotaur.
The minotaur furiously retaliates!
The minotaur headbutts you.
The minotaur is heavily wounded.
Your neqoxec barely misses the minotaur.
The minotaur hits you with a +2 vorpal mace!
The minotaur barely misses you.
You hit the minotaur but do no damage.
The minotaur looks as sick as possible!
The minotaur is severely wounded.
Your neqoxec hits the minotaur but does no damage.
The minotaur hits your neqoxec with a +2 vorpal mace!
The minotaur gores your neqoxec!
Your neqoxec dies!
Your neqoxec disappears in a puff of smoke!
The minotaur bellows!
You closely miss the minotaur.
The minotaur furiously retaliates!
The minotaur headbutts you!!
* * * LOW HITPOINT WARNING * * *
The minotaur is severely wounded.
The minotaur hits you with a +2 vorpal mace!!
* * * LOW HITPOINT WARNING * * *
x2 The minotaur gores you!
* * * LOW HITPOINT WARNING * * *
You are too berserk!
You block the minotaur's attack. The minotaur gores you!
You die...

.######### ##.#.......#
#..#.#####.# #.##.#⌠.⌠#.##
#.#..#.∩.#..# #...##⌠.⌠##.#
#.#####H###.# #.#.....@...#
#.########### #.......#
#########.#########
#≈...............≈# ##
####8..©.©.©.©.©.©..8#### ### 8#
#8##≈...............≈##8# #8#
#################################
..............≈∩≈................


You could see a minotaur (extremely poisoned, drained).

Vanquished Creatures
  Rupert (Lair:4)
  Gastronok (Lair:1)
  A catoblepas (Lair:2)
  A centaur warrior (D:10)
  9 two-headed ogres
  7 death yaks
  4 thrashing horrors (Lair:5)
  4 orc high priests
  Sonja (Lair:2)
  4 orc knights (Orc:2)
  Pikel (D:5)
  5 orc sorcerers
  2 ugly things (Lair:5)
  A salamander (Volcano)
  2 deep elf pyromancers
  6 cyclopes
  An oklob plant (Lair:2)
  3 elephants (Lair:5)
  7 black mambas
  A smoke demon (Lair:5)
  A cane toad (shapeshifter) (Lair:5)
  9 cane toads
  An unseen horror (D:10)
  11 komodo dragons
  A rime drake (Lair:1)
  4 kobold demonologists
  An ancient zyme (Lair:5)
  A troll (shapeshifter) (Gauntlet)
  7 trolls
  4 polar bears
  A meliai (shapeshifter) (Lair:5)
  9 blink frogs (Lair:5)
  10 dream sheep (Lair:5)
  A culicivora (shapeshifter) (Lair:5)
  2 wraiths (D:11)
  55 yaks
  A spriggan (Lair:5)
  2 ynoxinuls (Lair:5)
  4 wyverns
  4 fire bats
  A shadow (D:9)
  8 basilisks
  A chaos spawn (Lair:5)
  3 steam dragons
  Menkaure (D:6)
  A warg (Orc:1)
  A naga (Lair:3)
  15 water moccasins
  An acid dragon (D:9)
  17 orc warriors
  A sky beast (D:7)
  5 black bears
  A boggart (Gauntlet)
  9 ogres
  9 centaurs
  3 wolves (Lair:1)
  12 kobold brigands
  A phantom (D:5)
  8 bullfrogs
  Blork the orc (D:5)
  3 necrophages
  A gnoll sergeant (D:10)
  5 scorpions
  14 wights
  12 small abominations (Lair:5)
  17 killer bees
  2 howler monkeys
  An electric eel (Lair:1)
  A hound (shapeshifter) (Gauntlet)
  16 orc priests
  2 gnoll boudas
  5 hounds
  4 jellies
  Ijyb (D:5)
  3 iguanas
  19 orc wizards
  14 gnolls
  10 adders
  A shadow imp (D:6)
  4 white imps
  5 worms
  A dart slug (D:2)
  62 orcs
  18 ball pythons
  7 endoplasms
  18 giant cockroaches
  6 goblins
  5 hobgoblins
  4 jackals (D:4)
  3 quokkas
  A bat (D:2)
  11 frilled lizards
  21 kobolds
  7 rats
  A bush (Lair:5)
  A butterfly (Lair:3)
596 creatures vanquished.

Vanquished Creatures (collateral kills)
  Snorg (Lair:2)
  A hydra (Lair:2)
  6 death yaks
  Urug (D:11)
  A lindwurm (shapeshifter) (Gauntlet)
  A necromancer (Gauntlet)
  An ugly thing (Lair:5)
  A worldbinder (Gauntlet)
  A black mamba (Lair:2)
  A gargoyle (D:10)
  A cane toad (Lair:2)
  A rime drake (Lair:4)
  2 komodo dragons
  2 polar bears (Lair:3)
  A large abomination (Lair:5)
  2 fire bats
  A basilisk (Lair:3)
  A wyvern (D:8)
  9 yaks
  2 water moccasins
  2 nagas (Lair:3)
  An orc warrior (Orc:2)
  2 black bears
  A centaur (Volcano)
  6 wolves (Lair:2)
  A small abomination (Lair:5)
  A bullfrog (Lair:3)
  A killer bee (D:10)
  An orc (Orc:2)
  A foxfire (D:4)
54 creatures vanquished.

Vanquished Creatures (others)
  A centaur (Volcano)
  An orc priest (Orc:2)
  A gnoll (D:10)
  An orc (D:9)
  A bush (D:8)
  540 foxfires
  64 fungi
  81 plants
  18 toadstools (Lair:2)
  15 withered plants
723 creatures vanquished.

Grand Total: 1373 creatures vanquished

Notes
Turn   | Place    | Note
-------+----------+-------------------------------------------
     0 | D:1      | enile the Djinni Fire Elementalist began the quest for the
                  | Orb.
     0 | D:1      | enile set off with the following spells memorised: Foxfire,
                  | Scorch, Kindle Blastsparks, Inner Flame, Flame Wave.
     0 | D:1      | Reached XP level 1. HP: 15/15 MP: 0/0
   171 | D:1      | Reached skill level 1 in Fighting
   198 | D:1      | Reached XP level 2. HP: 22/22 MP: 0/0
   297 | D:1      | Found a faded altar of an unknown god.
   569 | D:1      | Reached XP level 3. HP: 25/28 MP: 0/0
   569 | D:1      | Learned a level 1 spell: Shock
  1101 | D:1      | Prayed at the altar of an unknown god.
  1101 | D:1      | Became a worshipper of Makhleb the Destroyer
  1101 | D:1      | Reached * piety under Makhleb
  1815 | D:2      | Reached XP level 4. HP: 29/35 MP: 0/0
  2199 | D:3      | Found a sparkling altar of Nemelex Xobeh.
  2476 | D:3      | Reached skill level 3 in Spellcasting
  2793 | D:3      | Reached XP level 5. HP: 37/40 MP: 0/0
  2793 | D:3      | Learned a level 2 spell: Searing Ray
  3198 | D:4      | Reached ** piety under Makhleb
  3238 | D:4      | Found a staircase to the Ecumenical Temple.
  3281 | D:4      | Found a glowing drain.
  3285 | Sewer    | Entered a sewer
  3463 | Sewer    | Reached skill level 4 in Spellcasting
  3475 | Sewer    | Noticed a bullfrog
  3479 | Sewer    | Killed a bullfrog
  3480 | Sewer    | Reached XP level 6. HP: 46/46 MP: 0/0
  3624 | D:4      | Found Guag's Distillery.
  3628 | D:4      | Found Fojoast's Magic Scroll Shop.
  3629 | D:4      | Found Akam's Antique Weapon Boutique.
  3633 | D:4      | Bought a potion of curing for 33 gold pieces
  3633 | D:4      | Bought a potion of lignification for 33 gold pieces
  3639 | D:4      | Bought a scroll of teleportation for 36 gold pieces
  3904 | D:4      | Found a shimmering altar of Xom.
  3915 | D:4      | Noticed an ogre
  3921 | D:4      | Killed an ogre
  3921 | D:4      | Reached *** piety under Makhleb
  3922 | D:4      | Reached skill level 5 in Spellcasting
  3922 | D:4      | Reached XP level 7. HP: 48/50 MP: 0/0
  3922 | D:4      | Learned a level 2 spell: Passwall
  4118 | D:4      | Reached skill level 5 in Fighting
  4196 | D:4      | Found an ornate altar of the Wu Jian Council.
  4362 | D:5      | Entered Level 5 of the Dungeon
  4362 | D:5      | Noticed a water moccasin
  4362 | D:5      | Found Nataps's Armour Shop.
  4373 | D:4      | Killed a water moccasin
  4374 | D:4      | Reached XP level 8. HP: 50/61 MP: 0/0
  4485 | D:5      | Reached skill level 1 in Invocations
  4495 | D:5      | Noticed Pikel
  4511 | D:5      | Noticed a hellwing
  4523 | D:5      | Killed Pikel
  4631 | D:5      | HP: 3/61 [hellwing[the player character] (12)]
  4795 | D:5      | Reached XP level 9. HP: 52/66 MP: 0/0
  4795 | D:5      | Learned a level 3 spell: Lesser Beckoning
  4872 | D:5      | Noticed Blork the orc
  4878 | D:5      | Killed Blork the orc
  4879 | D:5      | Reached skill level 1 in Evocations
  4953 | D:5      | You are sucked into a shaft and drop 2 floors!
  5233 | D:6      | Reached skill level 5 in Evocations
  5544 | D:6      | Reached **** piety under Makhleb
  5575 | D:6      | Noticed a two-headed ogre
  5589 | D:6      | Killed a two-headed ogre
  5590 | D:6      | Reached skill level 6 in Spellcasting
  5590 | D:6      | Reached XP level 10. HP: 34/72 MP: 0/0
  5597 | D:6      | Noticed Menkaure
  5630 | D:6      | Killed Menkaure
  5631 | D:6      | Reached skill level 7 in Spellcasting
  5631 | D:6      | Reached skill level 1 in Armour
  5966 | D:6      | Noticed a two-headed ogre
  5977 | D:6      | Killed a two-headed ogre
  6702 | D:7      | Found a hide-covered altar of Uskayaw.
  6798 | D:7      | Identified a scroll of acquirement
  6799 | D:7      | Acquired the ring of Xerefamevy {Contam rElec rF+ Will+
                  | SInv}
  6982 | D:7      | Reached skill level 5 in Invocations
  7453 | D:7      | Found a burning altar of Makhleb.
  7474 | D:7      | Found Facyass's General Store.
  7483 | D:7      | Bought a scroll of identify for 24 gold pieces
  7796 | D:5      | Noticed Ijyb
  7802 | D:5      | Killed Ijyb
  8267 | D:8      | Noticed a two-headed ogre
  8270 | D:8      | Killed a two-headed ogre
  8271 | D:8      | Reached XP level 11. HP: 69/81 MP: 0/0
  8271 | D:8      | Learned a level 4 spell: Summon Lightning Spire
  8379 | D:8      | Reached skill level 8 in Spellcasting
  8411 | D:8      | Found a glowing golden altar of the Shining One.
  8475 | D:8      | Found a staircase to the Lair.
  8499 | D:8      | Reached ***** piety under Makhleb
  8753 | D:7      | Reached skill level 10 in Fighting
  9582 | D:9      | Found a staircase to the Orcish Mines.
  9889 | D:9      | Identified the +10 spear "Gyipou Ydon" {venom, rElec Str+2}
  9990 | D:9      | Acquired a +1 cloak of preservation
 10389 | D:9      | Reached XP level 12. HP: 94/94 MP: 0/0
 10412 | D:9      | Noticed a two-headed ogre
 10419 | D:9      | Killed a two-headed ogre
 10608 | D:9      | Found a stormy altar of Qazlal.
 10674 | D:9      | Identified the +2 quarterstaff of Diytycre {spect, Will+}
 10873 | D:10     | Entered Level 10 of the Dungeon
 10909 | D:10     | Noticed a centaur warrior
 11030 | D:10     | Reached skill level 5 in Dodging
 11225 | D:10     | Noticed a sun demon
 11533 | D:10     | Killed a centaur warrior
 11534 | D:10     | Reached skill level 9 in Spellcasting
 11690 | D:10     | Noticed a two-headed ogre
 11694 | D:10     | Noticed a sun demon
 11696 | D:10     | Killed a two-headed ogre
 12080 | D:10     | Found Kuaj's General Store.
 12088 | D:10     | Bought a scroll of torment for 123 gold pieces
 12129 | D:10     | Found a bloodstained altar of Trog.
 12333 | Lair:1   | Entered Level 1 of the Lair of Beasts
 12348 | D:8      | Reached skill level 10 in Spellcasting
 12743 | Lair:1   | Reached ****** piety under Makhleb
 12744 | Lair:1   | Reached XP level 13. HP: 71/101 MP: 0/0
 12744 | Lair:1   | Learned a level 5 spell: Blade Hands
 13491 | Lair:1   | Noticed Gastronok
 13505 | Lair:1   | Killed Gastronok
 13506 | Lair:1   | Reached skill level 10 in Invocations
 14570 | Lair:2   | Found a dark tunnel.
 14579 | Volcano  | Entered a volcano
 14870 | Volcano  | Reached skill level 11 in Spellcasting
 15108 | Lair:2   | Noticed Sonja
 15114 | Lair:2   | Killed Sonja
 15121 | Lair:2   | Found a staircase to the Shoals.
 15122 | Lair:2   | Noticed a catoblepas
 15138 | Lair:2   | Killed a catoblepas
 15183 | Lair:2   | Reached XP level 14. HP: 104/107 MP: 0/0
 15454 | Lair:2   | Found a runed translucent gate.
 15454 | Lair:2   | Found a runed translucent gate.
 15454 | Lair:2   | Found a runed translucent gate.
 15490 | Lair:2   | Noticed olddryhag's ghost (journeyman DsGl)
 15544 | Lair:2   | Found a blossoming altar of Fedhas.
 15819 | Lair:2   | Reached skill level 12 in Spellcasting
 15989 | Lair:3   | Noticed Snorg
 16053 | Lair:2   | Killed Snorg
 16235 | Lair:3   | Found a staircase to the Snake Pit.
 16456 | Lair:4   | Found a staircase to the Slime Pits.
 16490 | Lair:4   | Reached skill level 10 in Dodging
 16679 | Lair:4   | Noticed Rupert
 16707 | Lair:4   | Killed Rupert
 16884 | Lair:4   | Found a runed translucent gate.
 16885 | Lair:4   | Found a runed translucent gate.
 16887 | Lair:4   | Found a runed translucent gate.
 16888 | Lair:4   | Noticed Irousen's ghost (journeyman MiFi)
 17223 | Lair:4   | Found a transporter.
 17224 | Lair:4   | Found a transporter.
 17314 | Lair:5   | Entered Level 5 of the Lair of Beasts
 17628 | Lair:5   | Reached skill level 1 in Throwing
 17840 | Lair:5   | Reached XP level 15. HP: 77/114 MP: 0/0
 17840 | Lair:5   | Learned a level 6 spell: Starburst
 18148 | Lair:5   | Identified the +5 whip "Efuxaj" {elec, rElec}
 18423 | Lair:5   | Found a corrupted altar of Lugonu.
 18423 | Lair:5   | Found a one-way gate to the infinite horrors of the Abyss.
 18469 | Lair:5   | Found the +3 Mad Mage's Maulers {Infuse+∞ RegenMP Int-3}
 18841 | Orc:1    | Entered Level 1 of the Orcish Mines
 19149 | Orc:1    | Reached skill level 13 in Spellcasting
 19536 | Orc:2    | Entered Level 2 of the Orcish Mines
 19750 | Orc:2    | Found a staircase to the Elven Halls.
 20355 | Orc:2    | Found Ygrethu's Assorted Antiques.
 20355 | Orc:2    | Found Boehobb's Armour Shop.
 20357 | Orc:2    | Found Zaidi's Jewellery Shoppe.
 20357 | Orc:2    | Found Ashio's Antique Weapon Shop.
 20384 | Orc:2    | Bought a scroll of poison for 124 gold pieces
 20386 | Orc:2    | Bought the ring "Asoocloj" {rCorr Str+4 Int+6 Slay+2} for
                  | 915 gold pieces
 20877 | D:11     | Noticed Urug
 20894 | D:11     | Killed Urug
 21137 | D:11     | Reached skill level 14 in Spellcasting
 21390 | D:11     | Found a portal to a secret trove of treasure.
 21492 | D:11     | Found a runed translucent gate.
 21492 | D:11     | Found a runed translucent gate.
 21493 | D:11     | Found a runed translucent gate.
 21516 | D:11     | Noticed Gymn's ghost (journeyman DsMo)
 21855 | D:12     | Found a gate leading to a gauntlet.
 21867 | Gauntlet | Entered a Gauntlet
 21867 | Gauntlet | Found a transporter.
 21875 | Gauntlet | Found a transporter.
 21877 | Gauntlet | Found a transporter.
 21884 | Gauntlet | Found a transporter.
 21900 | Gauntlet | Found a transporter.
 21908 | Gauntlet | Found a transporter.
 21925 | Gauntlet | Found a transporter.
 21942 | Gauntlet | Found a transporter.
 21954 | Gauntlet | Found a transporter.
 21966 | Gauntlet | Found a transporter.
 21978 | Gauntlet | Found a transporter.
 21990 | Gauntlet | Found a transporter.
 22007 | Gauntlet | Found a transporter.
 22024 | Gauntlet | Found a transporter.
 22026 | Gauntlet | Found a transporter.
 22055 | Gauntlet | Found a transporter.
 22076 | Gauntlet | Noticed a cyan very ugly thing
 22076 | Gauntlet | Noticed a white very ugly thing
 22078 | Gauntlet | Noticed a white very ugly thing
 22085 | Gauntlet | Found a transporter.
 22085 | Gauntlet | Found a transporter.
 22213 | Gauntlet | Reached XP level 16. HP: 92/121 MP: 0/0
 22291 | Gauntlet | HP: 7/181 [minotaur/+2 vorpal mace (13)]
 22292 | Gauntlet | Mangled by a minotaur

Illustrated notes

Levels and vault maps discovered:
D:1:      shiori_arrival_oz, layout_basic, shapermc_ecumenical_altar_flowoftime,
          minmay_misc_feat_nine_boxes
D:2:      layout_loops_corners
D:3:      minmay_inner_zag, layout_loops_cross, mainiacjoe_overflow_chevrons,
          amcnicky_mini_corridor_feature
D:4:      layout_rooms, mainiacjoe_overflow_catch_the_wave, temple_pool_b,
          gup_sewer_entry_bowl, nicolae_wooded_promenade, serial_bayou_crossing
D:5:      layout_cave_pools, serial_shops, shop, kennysheep_dice,
          uniq_blork_the_orc, uniq_ijyb, uniq_pikel
D:6:      layout_basic, serial_curves, eino_curves_04, eino_curves_02,
          eino_curves_02, minmay_manual_mess, uniq_menkaure
D:7:      layout_basic, amcnicky_altar_gilded, grunt_temple_overflow_open,
          serial_shops, shop
D:8:      layout_cave_pools, nicolae_tso_carved_into_rock,
          minmay_lair_entry_grove, chequers_avenue
D:9:      layout_loops_corners, lemuel_round_altar, orc_0_dummy,
          amethyst_killhole
D:10:     layout_irregular_city, mainiacjoe_overflow_brackets, st_stairs_9,
          nicolae_stop_n_shop_1, minmay_fractal_squares_gapless_7
D:11:     layout_stronghold, enter_trove_0, gammafunk_ghost_spectres, uniq_urug
D:12:     layout_long_grid, gauntlet_entry_generic, portal_ice_cave_entry_imps,
          zin_angel
Lair:1:   layout_loops_ring, beast_lair_carwin_2, lemuel_fruit_tree,
          serial_bayou_shore_b, lemuel_fruit_fields, serial_bayou_shore_a,
          uniq_gastronok
Lair:2:   layout_roguey, shoals_dummy_entry, nicolae_volcano_entry_batcave,
          gammafunk_ghost_icy, chequers_serial_rivers_micro_b, tgw_fedhas,
          uniq_sonja
Lair:3:   beast_lair_carwin_large_1, layout_big_grid,
          guppyfry_snake_entry_island, lemuel_fruit_fields, uniq_snorg
Lair:4:   gammafunk_boulding_lane, layout_concentric_octagons, slime_entry_1,
          ebering_ghost_rock_garden, uniq_rupert
Lair:5:   hellmonk_lair_end_abyssal_woods, layout_loops_ring
Orc:1:    layout_diamond_mine, bh_open_orc_temple
Orc:2:    grunt_orc_tribal_feast, layout_caves
Gauntlet: gammafunk_gauntlet_one_two_three [nicolae_gauntlet_arena_grate_2,
          gammafunk_gauntlet_arena_chambers, gammafunk_gauntlet_arena_corners,
          nicolae_gauntlet_arena_quarters, nicolae_gauntlet_arena_t_cross,
          gammafunk_gauntlet_arena_crates,
          gammafunk_gauntlet_arena_arrow_garden, nicolae_gauntlet_arena_blocks,
          gammafunk_gauntlet_arena_teeth, dreamdust_gauntlet_exit_labyrinth]

Skill      XL: |  1  2  3  4  5  6  7  8  9 10 11 12 13 14 15 16 |
---------------+-------------------------------------------------+-----
Fighting       | 1 2 3 5 6 8 11 12 13 | 13.0
Spellcasting   | 3 4 5 6 7 8 10 11 12 14 | 14.0
Invocations    | 4 7 8 10 12 | 12.0
Dodging        | 4 7 8 10 | 10.0
Shields        | 2 3 4 |  4.0
Evocations     | 5 7 8 9 |  9.4
Armour         | 3 |  3.0
Throwing       | 3 |  3.0
Stealth        | |  1.6

Action                   |  1- 3 |  4- 6 |  7- 9 | 10-12 | 13-15 | 16-18 || total
-------------------------+-------+-------+-------+-------+-------+-------++-------
Melee: Short sword       |    13 |     3 |     4 |       |       |       ||    20
       Trident           |       |       |     5 |    72 |   233 |       ||   310
       Unarmed           |       |       |       |       |     5 |       ||     5
       Double sword      |       |       |       |       |    21 |     7 ||    28
 Cast: Foxfire           |    48 |   104 |    85 |    93 |     6 |       ||   336
       Scorch            |    21 |    27 |    37 |   123 |    97 |       ||   305
       Kindle Blastspark |       |     2 |     1 |     2 |     1 |       ||     6
       Inner Flame       |       |     1 |    15 |    90 |   127 |       ||   233
       Summon Lightning  |       |       |       |     7 |    47 |       ||    54
       Blade Hands       |       |       |       |       |     1 |       ||     1
       Starburst         |       |       |       |       |   121 |     2 ||   123
Invok: Lesser Servant of |       |       |     1 |       |     3 |     1 ||     5
       Greater Servant o |       |       |       |       |     2 |       ||     2
Evoke: Wand              |       |       |       |     2 |     1 |       ||     3
       Condenser vane    |       |       |       |       |     1 |       ||     1
  Use: Scroll            |       |     2 |     3 |    15 |    15 |       ||    35
       Potion            |       |       |     1 |     2 |     1 |     1 ||     5
 Stab: Petrified         |       |       |       |       |     2 |       ||     2
       Distracted        |       |       |       |       |     3 |       ||     3
       Sleeping          |       |       |       |       |     2 |       ||     2
       Petrifying        |       |       |       |       |     1 |       ||     1
Armor: Robe              |     1 |     1 |       |       |       |       ||     2
       Leather armour    |       |     7 |    19 |    46 |   184 |       ||   256
Dodge: Dodged            |    12 |    14 |    39 |   104 |   412 |     9 ||   590
Block: Other             |       |     6 |    11 |       |     2 |       ||    19
       Buckler           |       |       |    21 |    91 |   151 |     1 ||   264
       Reflection        |       |       |     1 |    12 |       |       ||    13

Table legend: (Time is in decaauts)
 A = Elapsed time spent in this place.
 B = Non-inter-level travel time spent in this place.
 C = Inter-level travel time spent in this place.
 D = Time resting spent in this place.
 E = Time spent auto-exploring this place.
 F = Levels seen in this place.
 G = Mean time per level.
                   A        B        C        D        E       F      G
               +--------+--------+--------+--------+--------+-----+--------+
         Total |  22436 |  21506 |    930 |    793 |  15951 |  22 | 1019.8 |
       Dungeon |  13941 |  13328 |    613 |    495 |  10498 |  12 | 1161.8 |
          Lair |   5419 |   5220 |    199 |    273 |   3509 |   5 | 1083.8 |
  Orcish Mines |   1881 |   1763 |    118 |      0 |   1452 |   2 |  940.5 |
         Sewer |    273 |    273 |      0 |      0 |    150 |   1 |  273.0 |
       Volcano |    492 |    492 |      0 |      4 |    341 |   1 |  492.0 |
      Gauntlet |    429 |    429 |      0 |     21 |      1 |   1 |  429.0 |
               +--------+--------+--------+--------+--------+-----+--------+

Top non-repeatable levels by time:
     D:8: 1751 daAuts
     D:7: 1567 daAuts
    D:10: 1438 daAuts
  Lair:5: 1434 daAuts
     D:9: 1399 daAuts
     D:6: 1373 daAuts
  Lair:1: 1288 daAuts
  Lair:2: 1264 daAuts
   Orc:2: 1161 daAuts
    D:11: 1149 daAuts
     D:1: 1134 daAuts
     D:5: 1094 daAuts
     D:3: 1029 daAuts
     D:2: 1009 daAuts
     D:4: 981 daAuts
